 Dungeon Crawl Stone Soup version 0.28-a0-850-g09de17f5b5 (webtiles) character file.

Game seed: 17462381537704281931

172333 ytrimaz the Warrior (level 17, -1/154 HPs)
             Began as a Minotaur Berserker on Nov 13, 2021.
             Was a High Priest of Trog.
             Slain by a quicksilver ooze (16 damage)
             ... on level 3 of the Pits of Slime.
             The game lasted 00:47:52 (26332 turns).

ytrimaz the Warrior (Minotaur Berserker)           Turns: 26332, Time: 00:47:52

Health: -1/154     AC: 27    Str: 34      XL:     17   Next: 41%
Magic:  12/14      EV: 16    Int:  3 (4)  God:    Trog [*****.]
Gold:   487        SH: 20    Dex: 15      Spells: 16/16 levels left

rFire   + + +      SeeInvis +   Q - +8 war axe of Okixuys {venom, Dex+4}
rCold   + + .      Faith    .   r - +2 shield of Resistance {rF++ rC++ Will++}
rNeg    + . .      Spirit   .   f - +8 chain mail {rPois}
rPois   +          Reflect  +   p - -2 hat of the Alchemist {rElec rPois rF+ rC+ rN+ Will+ rMut rCorr}
rElec   +          Harm     .   w - +0 cloak
rCorr   +          Rampage  +   J - +0 pair of gloves
rMut    +                       L - +2 pair of boots "Funna" {Rampage rElec rC-}
Will    ++++.                   x - amulet of reflection
Stlth   ..........              k - ring of see invisible
HPRegen 0.00/turn               s - +6 ring of strength
MPRegen 0.14/turn

@: about to teleport, engulfed (cannot breathe), inhibited regen
A: horns 2, retaliatory headbutt, fangs 1, deterioration 2, fire resistance 1,
frail 1, low mp 1, inhibited regeneration, no potion heal 1
a: Renounce Religion, Berserk, Trog's Hand, Brothers in Arms


You were on level 3 of the Pits of Slime.
You worshipped Trog.
Trog was extremely pleased with you.
You visited 5 branches of the dungeon, and saw 27 of its levels.
You also visited: Gauntlet and Ice Cave.

You collected 2639 gold pieces.
You spent 2152 gold pieces at shops.

Inventory:

Hand Weapons
 u - a +1 vorpal war axe
 v - a +1 war axe of flaming
 P - a +1 vorpal broad axe
 Q - the +8 war axe of Okixuys (weapon) {venom, Dex+4}
   (You found it on level 3 of the Lair of Beasts)

   It poisons the flesh of those it strikes.
   Dex:       It affects your dexterity (+4).
 Z - a +5 vorpal broad axe
Missiles
 t - 3 throwing nets (quivered)
Armour
 f - a +8 chain mail of poison resistance (worn)
 m - a +0 plate armour
 p - the -2 hat of the Alchemist (worn) {rElec rPois rF+ rC+ rN+ Will+ rMut rCorr}
   (You bought it in a shop on level 4 of the Dungeon)

   rF:        It protects you from fire.
   rC:        It protects you from cold.
   rElec:     It insulates you from electricity.
   rPois:     It protects you from poison.
   rN:        It protects you from negative energy.
   rCorr:     It protects you from acid and corrosion.
   rMut:      It protects you from mutation.
   Will:      It increases your willpower.
 r - the +2 shield of Resistance (worn) {rF++ rC++ Will++}
   (You found it on level 6 of the Dungeon)

   rF:        It greatly protects you from fire.
   rC:        It greatly protects you from cold.
   Will:      It greatly increases your willpower.
 w - a +0 cloak (worn)
 J - a +0 pair of gloves (worn)
 L - the +2 pair of boots "Funna" (worn) {Rampage rElec rC-}
   (You found it in an ice cave)

   rC:        It makes you vulnerable to cold.
   rElec:     It insulates you from electricity.
   Rampage:   It bestows one free step when moving towards enemies.
Jewellery
 i - the ring of Geiwaxij {rF+ rC+}
   (You found it in a Gauntlet)

   [ring of protection from fire]

   rF:        It protects you from fire.
   rC:        It protects you from cold.
 k - a ring of see invisible (left hand)
 n - a ring of willpower
 s - a +6 ring of strength (right hand)
 x - an amulet of reflection (around neck)
 E - an amulet of regeneration
 N - a +6 ring of dexterity
 T - a ring of willpower
 V - a ring of willpower
 X - a ring of ice
Wands
 o - a wand of flame (84)
 y - a wand of polymorph (8)
 B - a wand of acid (25)
 D - a wand of mindburst (37)
 G - a wand of charming (5)
 H - a wand of paralysis (19)
 R - a wand of iceblast (6)
Scrolls
 e - a scroll of torment
 q - a scroll of holy word
 z - 12 scrolls of teleportation
 A - 4 scrolls of fear
 C - 2 scrolls of fog
 M - a scroll of enchant weapon
 S - a scroll of silence
 U - 2 scrolls of magic mapping
 W - 2 scrolls of identify
 Y - a scroll of noise
Potions
 a - 4 potions of flight
 b - a potion of magic
 c - 3 potions of resistance
 g - a potion of ambrosia
 h - 2 potions of cancellation
 j - 7 potions of lignification
 l - 7 potions of curing
 F - 8 potions of might
 I - 2 potions of attraction
 K - a potion of invisibility
 O - a potion of haste


   Skills:
 + Level 20.7 Fighting
 - Level 16.1 Axes
 + Level 17.2 Armour
 * Level 12.9 Dodging
 - Level 15.0 Shields


You had 16 spell levels left.
You didn't know any spells.
Your spell library was empty.

Dungeon Overview and Level Annotations

Branches:
Dungeon (15/15)            Temple (1/1) D:4            Lair (5/6) D:10
 Shoals (0/4) Lair:3       Spider (0/4) Lair:4        Slime (4/5) Lair:5
    Orc (2/2) D:10            Elf (0/3) Orc:2        Vaults (0/5) D:13
 Depths (0/4) D:15          IceCv (visited)         Gauntlet (visited)

Altars:
Ashenzari
Cheibriados
Dithmenos
Elyvilon
Fedhas
Gozag
Hepliaklqana
Kikubaaqudgha
Makhleb
Nemelex Xobeh
Okawaru
Qazlal
Ru
Sif Muna
Trog
Uskayaw
Vehumet
Wu Jian
Xom
Yredelemnul
Zin
The Shining One
Beogh

Shops:
D:4 :*(*   Orc:1 !   Orc:2 !?*(


Innate Abilities, Weirdness & Mutations

You have a pair of horns on your head.
You reflexively headbutt those who attack you in melee.
You have very sharp teeth.
Your body often deteriorates upon taking damage.
Your flesh is heat resistant. (rF+)
You are frail. (-10% HP)
Your magical capacity is low. (-10% MP)
You do not regenerate when monsters are visible.
Potions are less effective at restoring your health.


Message History

You feel much better.
* * * LOW HITPOINT WARNING * * *
Your lungs strain for air!
You block the quicksilver ooze's attack.
The quicksilver ooze hits you.
* * * LOW HITPOINT WARNING * * *
You feel your power leaking away. The quicksilver ooze hits you.
You block the quicksilver ooze's attack.
You block the slime creature's attack.
Unknown command.
You slip free of the ooze engulfing you.
You gasp with relief as air once again reaches your lungs.
The acid blob spits acid at you. The splash of acid misses you.
The splash of acid hits the quicksilver ooze.
The quicksilver ooze completely resists.
You block the slime creature's attack. The quicksilver ooze hits you!
* * * LOW HITPOINT WARNING * * *
You block the quicksilver ooze's attack.
As you read the scroll of teleportation, it crumbles to dust.
You feel strangely unstable. The acid blob spits acid at you.
The splash of acid hits you. You resist.
* * * LOW HITPOINT WARNING * * *
The quicksilver ooze hits you!
* * * LOW HITPOINT WARNING * * *
The quicksilver ooze engulfs you!
The quicksilver ooze hits you but does no damage.
The acid blob spits acid at you.
The splash of acid hits you but does no damage.
You block the slime creature's attack.
Unknown command.
Your system partially rejects the healing.
You feel better.
* * * LOW HITPOINT WARNING * * *
Your lungs strain for air!
You block the quicksilver ooze's attack. x2
The quicksilver ooze hits you!
You die...

#### # #
##..###.#.#.
##
#...........
.#...#.J....#
.......@J.###
..........#
...........#
....>.....##
........J.#
.........##
.........#
..........
#### ##..###


You could see an acid blob, a slime creature (very poisoned) and a quicksilver
ooze (poisoned).

Vanquished Creatures
  2 acid blobs (Slime:3)
  4 rockslimes
  4 azure jellies
  An ironbound preserver (D:13)
  14 quicksilver oozes
  A minotaur (Gauntlet)
  Snorg (Lair:5)
  A great orb of eyes (Slime:4)
  Harold (D:7)
  An ice dragon (D:15)
  5 boulder beetles
  5 hydras
  13 two-headed ogres
  2 ogre magi (Orc:2)
  10 centaur warriors (D:13)
  2 tengu warriors
  9 death yaks
  2 thrashing horrors (Gauntlet)
  Sonja (D:10)
  Nergalle (Lair:1)
  Urug (Lair:1)
  9 skeletal warriors
  2 orange crystal statues (IceCv)
  2 deep trolls (Orc:2)
  3 orc knights
  A phantasmal warrior (D:15)
  A necromancer (D:15)
  3 deep elf pyromancers
  13 ugly things
  A mana viper (shapeshifter) (D:15)
  3 manticores
  An orc sorcerer (Orc:2)
  An iron dragon zombie (D:15)
  A wolf spider (D:10)
  3 shining eyes
  9 cyclopes
  A frost giant zombie (D:15)
  4 oklob plants (Lair:3)
  An iron dragon skeleton (D:15)
  An ice statue (D:15)
  3 centaur zombies
  8 cane toads
  2 black mambas
  A torpor snail (Lair:3)
  An eye of devastation (Slime:4)
  7 komodo dragons
  A rime drake (Lair:3)
  An unseen horror (D:11)
  2 kobold demonologists (D:12)
  An efreet (D:14)
  4 very ugly thing simulacra (IceCv)
  2 tengu conjurers
  3 polar bears (D:15)
  4 entropy weaver simulacra (IceCv)
  12 meliai
  12 trolls
  4 hornets
  98 slime creatures
  15 blink frogs
  A spriggan zombie (D:15)
  4 dream sheep (Lair:3)
  Sigmund (D:6)
  4 shadows
  22 yaks
  5 wyverns
  A vampire (D:12)
  4 basilisks
  A water elemental (D:15)
  A steam dragon (D:7)
  3 wraiths
  2 basilisks (shapeshifter) (D:14)
  3 vampire mosquitoes
  A redback simulacrum (D:15)
  3 wargs (Orc:1)
  3 acid dragons
  2 demonic crawler simulacra (IceCv)
  8 water moccasins
  A floating eye (Lair:3)
  22 orc warriors
  A hornet zombie (D:8)
  3 ice beasts (D:15)
  6 ugly thing simulacra (IceCv)
  2 necrophages
  21 ogres
  3 small abominations (Gauntlet)
  11 wolves
  10 centaurs
  2 kobold brigands
  19 bullfrogs
  Blork the orc (D:4)
  A scorpion (Lair:2)
  A wyvern skeleton (D:7)
  A wyvern zombie (D:6)
  6 killer bees (D:10)
  8 howler monkeys
  12 wights
  10 electric eels
  A bullfrog zombie (D:4)
  2 hounds (D:5)
  14 jellies
  9 orc priests
  An iguana (D:5)
  A bullfrog skeleton (D:5)
  13 orc wizards
  7 hell rats (Lair:5)
  A howler monkey zombie (D:11)
  4 gnolls (D:7)
  4 adders
  A white imp (D:15)
  An ufetubus (D:5)
  A worm (D:2)
  4 dart slugs (D:1)
  55 orcs
  5 ball pythons
  10 endoplasms
  A giant cockroach (D:2)
  2 goblins
  3 hobgoblins
  3 jackals (D:2)
  9 kobolds
  3 quokkas
  7 bats
  3 frilled lizards
  6 rats
703 creatures vanquished.

Vanquished Creatures (others)
  An orc wizard (D:7)
  14 demonic plants (Gauntlet)
  13 fungi
  60 plants
  9 withered plants
97 creatures vanquished.

Grand Total: 800 creatures vanquished

Notes
Turn   | Place    | Note
-------+----------+-------------------------------------------
     0 | D:1      | ytrimaz the Minotaur Berserker began the quest for the Orb.
     0 | D:1      | Reached XP level 1. HP: 19/19 MP: 0/0
   266 | D:1      | Reached XP level 2. HP: 27/27 MP: 1/1
   365 | D:1      | Reached skill level 4 in Fighting
   780 | D:1      | Reached XP level 3. HP: 32/33 MP: 2/2
  1157 | D:2      | Reached ** piety under Trog
  1362 | D:2      | Reached XP level 4. HP: 40/40 MP: 3/3
  1460 | D:2      | Found a sparkling altar of Nemelex Xobeh.
  1990 | D:3      | Noticed an eye of devastation
  1991 | D:3      | Found a faded altar of an unknown god.
  1993 | D:3      | Noticed an eye of devastation
  1993 | D:3      | Noticed a shining eye
  1993 | D:3      | Noticed a floating eye
  2057 | D:3      | Noticed a water moccasin
  2062 | D:3      | Killed a water moccasin
  2063 | D:3      | Reached skill level 5 in Axes
  2063 | D:3      | Reached XP level 5. HP: 47/47 MP: 4/4
  2597 | D:4      | Found Tafidec's Assorted Antiques.
  2604 | D:4      | Found Enlovu's Weapon Shoppe.
  2694 | D:4      | Noticed Blork the orc
  2701 | D:4      | Killed Blork the orc
  2702 | D:4      | Reached XP level 6. HP: 53/53 MP: 5/5
  2745 | D:4      | Found a staircase to the Ecumenical Temple.
  2765 | Temple   | Entered the Ecumenical Temple
  2960 | D:4      | Found Meuwa's Assorted Antiques.
  3176 | D:4      | Found Vevuurgh's Book Emporium.
  3201 | D:4      | Identified the +1 leather armour "Baecuedo" {rElec rC++
                  | Regen+ Str-5}
  3225 | D:5      | Entered Level 5 of the Dungeon
  3239 | D:5      | Reached skill level 5 in Armour
  3434 | D:5      | Found a burning altar of Makhleb.
  3445 | D:5      | Reached XP level 7. HP: 58/60 MP: 6/6
  3559 | D:5      | Found a transporter.
  3568 | D:5      | Reached skill level 5 in Fighting
  3582 | D:5      | Found a transporter.
  4236 | D:6      | Noticed a troll
  4251 | D:6      | Killed a troll
  4252 | D:6      | Reached skill level 5 in Dodging
  4252 | D:6      | Reached XP level 8. HP: 63/70 MP: 7/7
  4322 | D:6      | Noticed Sigmund
  4334 | D:6      | Killed Sigmund
  4335 | D:6      | Reached skill level 6 in Fighting
  4487 | D:6      | Found an iron altar of Okawaru.
  4521 | D:6      | Found a stormy altar of Qazlal.
  4605 | D:6      | Found a snail-covered altar of Cheibriados.
  4616 | D:6      | Found the +2 shield of Resistance {rF++ rC++ Will++}
  4831 | D:6      | You fall into a shaft and drop 1 floor!
  5001 | D:7      | Reached skill level 1 in Shields
  5221 | D:7      | You fall into a shaft and drop 1 floor!
  5240 | D:8      | Reached skill level 7 in Fighting
  5308 | D:8      | Reached skill level 10 in Axes
  5308 | D:8      | Reached XP level 9. HP: 74/79 MP: 8/8
  5497 | D:7      | Reached *** piety under Trog
  5614 | D:7      | Noticed Harold
  5627 | D:7      | Killed Harold
  5767 | D:7      | Noticed a manticore
  5776 | D:7      | Killed a manticore
  5792 | D:7      | Found a shadowy altar of Dithmenos.
  5857 | D:7      | Reached skill level 5 in Shields
  6050 | D:8      | Noticed a tengu conjurer
  6101 | D:8      | Killed a tengu conjurer
  6269 | D:8      | Reached XP level 10. HP: 81/88 MP: 9/9
  7186 | D:9      | Reached skill level 8 in Fighting
  7947 | D:10     | Entered Level 10 of the Dungeon
  8045 | D:10     | Found a staircase to the Orcish Mines.
  8109 | D:10     | Found a staircase to the Lair.
  8160 | D:10     | Found a basalt altar of Yredelemnul.
  8177 | D:10     | Reached XP level 11. HP: 95/95 MP: 10/10
  8309 | D:10     | Noticed a wolf spider
  8324 | D:10     | Killed a wolf spider
  8325 | D:10     | Reached skill level 10 in Armour
  8327 | D:10     | Reached skill level 9 in Fighting
  8366 | D:10     | Noticed Sonja
  8388 | D:10     | Killed Sonja
  8923 | D:11     | Found an ancient bone altar of Kikubaaqudgha.
  8951 | D:11     | Noticed a two-headed ogre
  8957 | D:11     | Killed a two-headed ogre
  9297 | D:11     | Reached skill level 10 in Shields
  9546 | D:12     | Reached **** piety under Trog
  9921 | D:12     | Noticed a two-headed ogre
  9929 | D:12     | Killed a two-headed ogre
 10090 | D:12     | Noticed a boulder beetle
 10446 | D:12     | Reached skill level 10 in Fighting
 10787 | D:12     | Gained mutation: Your magical capacity is low. (-10% MP)
                  | [potion of mutation]
 10787 | D:12     | Gained mutation: Armour fits poorly on your strangely
                  | shaped body. [potion of mutation]
 10787 | D:12     | Gained mutation: You occasionally shout uncontrollably at
                  | your foes. [potion of mutation]
 10811 | D:12     | Killed a boulder beetle
 10812 | D:12     | Reached XP level 12. HP: 80/106 MP: 9/9
 11572 | D:13     | HP: 8/160 [cyan ugly thing (13)]
 11864 | D:13     | Noticed a two-headed ogre
 11869 | D:13     | Noticed an ironbound preserver
 11871 | D:13     | Found a gate to the Vaults.
 11873 | D:13     | Noticed a centaur warrior
 11873 | D:13     | Noticed a two-headed ogre
 11887 | D:13     | Killed a centaur warrior
 11888 | D:13     | Reached skill level 15 in Axes
 11893 | D:13     | Killed a two-headed ogre
 12081 | D:13     | Noticed a centaur warrior
 12082 | D:13     | Noticed a centaur warrior
 12087 | D:13     | Noticed a centaur warrior
 12095 | D:13     | Killed a two-headed ogre
 12098 | D:13     | Noticed a centaur warrior
 12100 | D:13     | Killed an ironbound preserver
 12101 | D:13     | Killed a centaur warrior
 12106 | D:13     | Killed a centaur warrior
 12107 | D:13     | Reached skill level 11 in Fighting
 12108 | D:13     | Killed a centaur warrior
 12120 | D:13     | Killed a centaur warrior
 12250 | D:13     | Noticed a centaur warrior
 12258 | D:13     | Killed a centaur warrior
 12598 | D:13     | Noticed a centaur warrior
 12601 | D:13     | Noticed a centaur warrior
 12602 | D:13     | Noticed a tengu warrior
 12603 | D:13     | Noticed a centaur warrior
 12612 | D:13     | Killed a centaur warrior
 12618 | D:13     | Killed a centaur warrior
 12619 | D:13     | Killed a centaur warrior
 12623 | D:13     | Killed a tengu warrior
 12624 | D:13     | Reached XP level 13. HP: 65/116 MP: 10/10
 13128 | D:13     | Lost mutation: Your magical capacity is low. (-10% MP)
                  | [potion of mutation]
 13128 | D:13     | Lost mutation: You occasionally shout uncontrollably at
                  | your foes. [potion of mutation]
 13128 | D:13     | Gained mutation: You have hidden genetic potential. [potion
                  | of mutation]
 13128 | D:13     | Gained mutation: You have a pair of large horns on your
                  | head. [potion of mutation]
 13128 | D:13     | Gained mutation: Your movements are slightly less
                  | encumbered by armour. (ER -2) [potion of mutation]
 13290 | D:14     | Found a gate leading to a gauntlet.
 13300 | Gauntlet | Entered a Gauntlet
 13300 | Gauntlet | Found a transporter.
 13300 | Gauntlet | Found a transporter.
 13315 | Gauntlet | Found a transporter.
 13315 | Gauntlet | Found a transporter.
 13318 | Gauntlet | Found a transporter.
 13328 | Gauntlet | Found a transporter.
 13332 | Gauntlet | Found a transporter.
 13346 | Gauntlet | Found a transporter.
 13349 | Gauntlet | Found a transporter.
 13368 | Gauntlet | Found a transporter.
 13370 | Gauntlet | Found a transporter.
 13380 | Gauntlet | Found a transporter.
 13565 | Gauntlet | Reached skill level 12 in Fighting
 13707 | Gauntlet | Identified the ring of Geiwaxij {rF+ rC+}
 13773 | Gauntlet | Identified the +7 hunting sling of the Snake Pit {venom,
                  | +Blink rF- Will++}
 13773 | Gauntlet | Noticed a minotaur
 13780 | Gauntlet | Killed a minotaur
 13912 | D:14     | Reached skill level 15 in Shields
 14737 | D:15     | Entered Level 15 of the Dungeon
 14759 | D:15     | Reached skill level 13 in Fighting
 14932 | D:15     | Found a frozen archway.
 15102 | IceCv    | Entered an ice cave
 15239 | IceCv    | Noticed an azure jelly
 15239 | IceCv    | Noticed an azure jelly
 15304 | IceCv    | Noticed a quicksilver ooze
 15316 | IceCv    | Killed a quicksilver ooze
 15333 | IceCv    | Identified the +2 pair of boots "Funna" {Rampage rElec rC-}
 15333 | IceCv    | Noticed a quicksilver ooze
 15338 | IceCv    | Killed a quicksilver ooze
 15339 | IceCv    | Reached XP level 14. HP: 68/130 MP: 0/13
 15563 | IceCv    | Noticed a quicksilver ooze
 15567 | IceCv    | Killed a quicksilver ooze
 15568 | IceCv    | Reached skill level 14 in Fighting
 15775 | IceCv    | Gained mutation: You have very sharp teeth. [hidden
                  | potential]
 16231 | IceCv    | Noticed a quicksilver ooze
 16243 | IceCv    | Killed a quicksilver ooze
 16334 | IceCv    | Noticed an azure jelly
 16345 | IceCv    | Killed an azure jelly
 16367 | IceCv    | Found a viscous altar of Jiyva.
 16367 | IceCv    | Noticed an azure jelly
 16379 | IceCv    | Killed an azure jelly
 16401 | IceCv    | Noticed a rockslime
 16401 | IceCv    | Noticed an azure jelly
 16412 | IceCv    | Killed a rockslime
 16413 | IceCv    | Reached skill level 15 in Fighting
 16416 | IceCv    | Killed an azure jelly
 16489 | IceCv    | Got the +0 short sword of Cemuast {freeze, rPois rF+}
 16648 | D:15     | Found a staircase to the Depths.
 17337 | D:15     | Reached skill level 16 in Fighting
 18320 | Orc:1    | Entered Level 1 of the Orcish Mines
 18656 | Orc:1    | Found Irphexiyn's Distillery.
 18659 | Orc:1    | Bought a potion of experience for 500 gold pieces
 18659 | Orc:1    | Bought a potion of mutation for 80 gold pieces
 18659 | Orc:1    | Bought a potion of haste for 100 gold pieces
 18659 | Orc:1    | Bought a potion of might for 40 gold pieces
 18686 | Orc:1    | Reached skill level 10 in Dodging
 18686 | Orc:1    | Reached XP level 15. HP: 145/145 MP: 14/14
 18726 | Orc:1    | Reached skill level 15 in Armour
 18874 | Orc:2    | Entered Level 2 of the Orcish Mines
 18887 | Orc:2    | Found a staircase to the Elven Halls.
 18928 | Orc:2    | Reached XP level 16. HP: 152/152 MP: 15/15
 18942 | Orc:2    | Found Osuasm's Assorted Antiques.
 18944 | Orc:2    | Reached ***** piety under Trog
 18945 | Orc:2    | Found Otedoupp's Distillery.
 18955 | Orc:2    | Found Bytal's Weapon Boutique.
 18965 | Orc:2    | Reached skill level 17 in Fighting
 18969 | Orc:2    | Gained mutation: You are strong-willed. (Will+) [hidden
                  | potential]
 18969 | Orc:2    | Lost mutation: You have hidden genetic potential. [hidden
                  | potential expressed]
 19020 | Orc:2    | Bought a potion of mutation for 144 gold pieces
 19020 | Orc:2    | Bought 2 potions of degeneration for 36 gold pieces
 19030 | Orc:2    | Found Sastrum's Magic Scroll Emporium.
 19038 | Orc:2    | Bought a scroll of identify for 24 gold pieces
 19038 | Orc:2    | Bought a scroll of identify for 24 gold pieces
 19038 | Orc:2    | Bought a scroll of identify for 24 gold pieces
 19612 | Orc:2    | Lost mutation: Your movements are slightly less encumbered
                  | by armour. (ER -2) [potion of mutation]
 19612 | Orc:2    | Lost mutation: You have a pair of large horns on your head.
                  | [potion of mutation]
 19612 | Orc:2    | Lost mutation: You are strong-willed. (Will+) [potion of
                  | mutation]
 19612 | Orc:2    | Gained mutation: You are frail. (-10% HP) [potion of
                  | mutation]
 19612 | Orc:2    | Gained mutation: You expend magic power (3 MP) to
                  | strengthen your wands. [potion of mutation]
 19612 | Orc:2    | Gained mutation: You do not regenerate when monsters are
                  | visible. [potion of mutation]
 19612 | Orc:2    | Gained mutation: Your muscles are strong. (Str +2) [potion
                  | of mutation]
 19613 | Orc:2    | Lost mutation: Armour fits poorly on your strangely shaped
                  | body. [potion of mutation]
 19613 | Orc:2    | Lost mutation: You expend magic power (3 MP) to strengthen
                  | your wands. [potion of mutation]
 19613 | Orc:2    | Lost mutation: Your muscles are strong. (Str +2) [potion of
                  | mutation]
 19613 | Orc:2    | Gained mutation: Your magical capacity is low. (-10% MP)
                  | [potion of mutation]
 19709 | Lair:1   | Entered Level 1 of the Lair of Beasts
 19807 | D:4      | Bought the -2 hat of the Alchemist {rElec rPois rF+ rC+ rN+
                  | Will+ rMut rCorr} for 1180 gold pieces
 19807 | D:4      | Found the -2 hat of the Alchemist {rElec rPois rF+ rC+ rN+
                  | Will+ rMut rCorr}
 20150 | Lair:1   | Noticed Urug
 20157 | Lair:1   | Killed Urug
 20157 | Lair:1   | Received a gift from Trog
 20181 | Lair:1   | Noticed Nergalle
 20191 | Lair:1   | Killed Nergalle
 21602 | Lair:3   | Reached skill level 18 in Fighting
 21661 | Lair:3   | Identified the +8 war axe of Okixuys {venom, Dex+4}
 21964 | Lair:3   | Found a staircase to the Shoals.
 22578 | Lair:4   | Found a hole to the Spider Nest.
 23893 | Lair:5   | Found a staircase to the Slime Pits.
 24033 | Lair:5   | Noticed Snorg
 24042 | Lair:5   | Killed Snorg
 24347 | Slime:1  | Entered Level 1 of the Pits of Slime
 24349 | Slime:1  | Gained mutation: Potions are less effective at restoring
                  | your health. [a shining eye]
 24351 | Slime:1  | Gained mutation: Your body sometimes deteriorates upon
                  | taking damage. [a shining eye]
 24381 | Slime:1  | Reached skill level 19 in Fighting
 24715 | Slime:2  | Reached XP level 17. HP: 151/151 MP: 3/14
 25151 | Slime:2  | Received a gift from Trog
 25325 | Slime:3  | Noticed an acid blob
 25335 | Slime:3  | Noticed an acid blob
 25343 | Slime:3  | Killed an acid blob
 25344 | Slime:3  | Reached skill level 20 in Fighting
 25350 | Slime:3  | Killed an acid blob
 25657 | Slime:3  | Gained mutation: Your body often deteriorates upon taking
                  | damage. [a shining eye]
 25669 | Slime:3  | Gained mutation: Your flesh is heat resistant. (rF+) [a
                  | shining eye]
 26309 | Slime:4  | Noticed an acid blob
 26327 | Slime:3  | Noticed an acid blob
 26332 | Slime:3  | Slain by a quicksilver ooze

Illustrated notes

Levels and vault maps discovered:
D:1:      minmay_arrival_semitransparent, layout_rooms
D:2:      layout_basic, basic_altar, minmay_puff
D:3:      layout_loops_cross, hellmonk_ecumenical_altar_watching_god,
          chequers_garden
D:4:      layout_loops_cross, minmay_temple_entry_ruins, serial_shops,
          nicolae_shop_overgrown_old_shop, kennysheep_mini, shop,
          nicolae_lakefront_shop, nicolae_shop_stone, uniq_blork_the_orc
D:5:      gammafunk_steamed_eel, layout_basic, kennysheep_little_box
D:6:      layout_basic, cheibriados_altar_1, mainiacjoe_overflow_two_lobes,
          hangedman_decor_points, uniq_sigmund
D:7:      layout_basic, grunt_dithmenos_smoke, uniq_harold
D:8:      cheibrodos_helix_gallery, layout_layer_cave
D:9:      layout_rooms, serial_bayou_pond_c
D:10:     layout_loops_ring, yredelemnul_altar_generic, dpeg_oklobed_lair,
          david_orc_2, minmay_chambers_of_fives, uniq_sonja
D:11:     layout_irregular_city, hangedman_abyss_or_decor_clamps,
          nicolae_kikubaaqudgha_miasma_corner
D:12:     layout_irregular_city, lightli_minifort
D:13:     layout_irregular_city, skrybe_vaults_entry_preservation,
          minmay_fractal_squares_gapless_5
D:14:     layout_rooms, gauntlet_entry_generic
D:15:     gammafunk_depths_entry_grave, layout_layer_cave, serial_ice,
          serial_ice_e, serial_ice_d, serial_ice_i, serial_ice_a,
          portal_ice_cave_entry_ice_statue_two
Temple:   eino_temple_rhombus
Lair:1:   layout_chaotic_city, uniq_nergalle, uniq_urug
Lair:2:   layout_cave_pods, minivault_25, beast_lair_carwin_5
Lair:3:   layout_cave_pods, elwin_shoals_entry_rocks, disabler_island,
          serial_bayou_shore_a
Lair:4:   layout_small_grid, dummy_spider_entry
Lair:5:   layout_gridlike, minmay_slime_entry_jelly_boxes,
          serial_bayou_lagoon_b, grunt_megastairs_2, uniq_snorg
Slime:1:  layout_caves
Slime:2:  layout_caves, nicolae_slime_welcoming_committee, uniq_dissolution
Slime:3:  layout_caves
Slime:4:  layout_caves
Orc:1:    layout_caves, basic_altar, serial_shops, nicolae_shop_behind_doors,
          rock_pile
Orc:2:    st_orc_open, layout_diamond_mine, nicolae_orc_stony_grotto

Skill      XL: |  1  2  3  4  5  6  7  8  9 10 11 12 13 14 15 16 17 |
---------------+----------------------------------------------------+-----
Axes           | 4 5 6 7 10 11 13 14 15 16 | 16.1
Fighting       | 4 5 7 8 10 11 13 16 19 20 | 20.7
Dodging        | 3 4 5 6 10 12 | 12.9
Armour         | 3 4 5 6 8 9 11 12 13 14 15 16 17 | 17.2
Shields        | 1 5 8 11 13 15 | 15.0

Action                   |  1- 3 |  4- 6 |  7- 9 | 10-12 | 13-15 | 16-18 || total
-------------------------+-------+-------+-------+-------+-------+-------++-------
Melee: Hand axe          |    57 |    48 |       |       |       |       ||   105
       Headbutt          |     4 |    11 |    23 |    93 |   184 |   196 ||   511
       Battleaxe         |       |     6 |    55 |       |       |       ||    61
       War axe           |       |       |    68 |   380 |   627 |   540 ||  1615
       Bite              |       |       |       |       |    57 |   103 ||   160
Throw: Throwing net      |       |       |       |     1 |       |       ||     1
Invok: Berserk           |     4 |     3 |    11 |    17 |    24 |     6 ||    65
       Trog's Hand       |       |     1 |     9 |    18 |    27 |    17 ||    72
  Use: Scroll            |     2 |     9 |     6 |     5 |     8 |     6 ||    36
       Potion            |       |     1 |       |     8 |     3 |     4 ||    16
Armor: Animal skin       |    16 |       |       |       |       |       ||    16
       Chain mail        |    26 |    26 |   100 |   187 |   224 |   137 ||   700
       Skin              |       |       |       |     3 |       |       ||     3
Dodge: Dodged            |    64 |    25 |    87 |   125 |   223 |   151 ||   675
Block: Kite shield       |       |       |    44 |   252 |   472 |   376 ||  1144
       Reflection        |       |       |       |       |       |     6 ||     6

Table legend: (Time is in decaauts)
 A = Elapsed time spent in this place.
 B = Non-inter-level travel time spent in this place.
 C = Inter-level travel time spent in this place.
 D = Time resting spent in this place.
 E = Time spent auto-exploring this place.
 F = Levels seen in this place.
 G = Mean time per level.
                   A        B        C        D        E       F      G
               +--------+--------+--------+--------+--------+-----+--------+
         Total |  26648 |  25645 |   1003 |   6254 |  14413 |  29 |  918.9 |
       Dungeon |  16769 |  15974 |    795 |   4241 |   8807 |  15 | 1117.9 |
        Temple |    155 |    141 |     14 |      0 |    128 |   1 |  155.0 |
          Lair |   4427 |   4326 |    101 |    219 |   3426 |   5 |  885.4 |
    Slime Pits |   1947 |   1917 |     30 |    658 |    947 |   4 |  486.8 |
  Orcish Mines |   1308 |   1245 |     63 |     97 |    806 |   2 |  654.0 |
      Ice Cave |   1532 |   1532 |      0 |    930 |    118 |   1 | 1532.0 |
      Gauntlet |    508 |    508 |      0 |    107 |    179 |   1 |  508.0 |
               +--------+--------+--------+--------+--------+-----+--------+

Top non-repeatable levels by time:
    D:12: 1955 daAuts
    D:15: 1849 daAuts
    D:13: 1690 daAuts
   IceCv: 1532 daAuts
     D:8: 1277 daAuts
  Lair:3: 1153 daAuts
    D:14: 1112 daAuts
     D:5: 1054 daAuts
     D:7: 1046 daAuts
     D:1: 1028 daAuts
    D:10: 1019 daAuts
     D:2: 985 daAuts
     D:9: 978 daAuts
    D:11: 958 daAuts
  Lair:4: 936 daAuts
